AoeStats
← LMB. LouisLitt

Hideout

510199434Analyzed
1v1 RM · 3d ago on Sep 29, 2026· 44m 30s· 2 players
Game mode
Random Map
Map size
Tiny (2 player)
Population
200
Speed
Normal
Resources
Standard
Victory
Conquest
Starting age
Dark Age
Ending age
Imperial Age
RankedLock teamsTeams togetherTeam positionsShared explorationLock speedFull tech treeHidden civsTurbo modeCheats
Victory
Defeat
🇨🇦 Bulgarians · Canada
1321
+16
🇦🇺 Burmese · Australia
1320
-16
hamole
7:02 Loom
9:14 Feudal Age
14:53 Castle Age
13:40 Horse Collar
13:54 Stone Mining
14:25 Gold Mining
20:24 Padded Archer Armor
21:30 Husbandry
21:42 Bloodlines
21:27 Fletching
24:59 Bodkin Arrow
26:27 Devotion
27:26 Heavy Plow
28:04 Wheelbarrow
27:55 Light Cavalry
34:53 Imperial Age
33:53 Ballistics
35:36 Scale Barding Armor
36:10 Faith
35:56 Bracer
36:35 Hand Cart
39:01 Redemption
43:13 Chemistry
LMB. LouisLitt
10:10 Feudal Age
9:46 Loom
14:43 Castle Age
14:35 Double-Bit Axe
18:08 Bow Saw
17:39 Horse Collar
19:30 Light Cavalry
23:47 Wheelbarrow
23:47 Heavy Plow
24:04 Fletching
24:42 Bodkin Arrow
25:02 Elite Skirmisher
26:25 Padded Archer Armor
28:12 Leather Archer Armor
29:19 Ballistics
28:57 Town Watch
32:15 Thumb Ring
32:31 Scale Mail Armor
32:41 Forging
35:11 Imperial Age
32:36 Gambesons
32:52 Squires
33:37 Forging
33:33 Scale Barding Armor
35:43 Chain Barding Armor
36:00 Bracer
37:57 Plate Barding Armor
38:19 Hand Cart
38:47 Thumb Ring
39:49 Conscription
40:23 Iron Casting
43:53 Blast Furnace
43:07 Stone Mining
Connection lost

Rejoining the realm…

Still unreachable

The connection could not be restored.

Session expired

The server has moved on; the page needs a fresh start.